 Dungeon Crawl Stone Soup version 0.29-a0-322-g68df515428 (webtiles) character file.

Game seed: 5123970374633723029

198 KennySheep the Slasher (level 5, -1/46 HPs)
             Began as a Draconian Berserker on Apr 9, 2022.
             Was a Follower of Trog.
             Slain by an iguana (3 damage)
             ... on level 4 of the Dungeon.
             The game lasted 00:02:21 (2312 turns).

KennySheep the Slasher (Draconian Berserker)        Turns: 2312, Time: 00:02:22

Health: -1/46      AC:  5    Str: 19    XL:     5   Next: 47%
Magic:  5/5        EV: 13    Int:  7    God:    Trog [*.....]
Gold:   92         SH:  0    Dex: 13    Spells: 4/4 levels left

rFire   . . .      SeeInvis .   a - +0 falchion
rCold   . . .      Faith    .   (no shield)
rNeg    . . .      Spirit   .   (body armour unavailable)
rPois   .          Reflect  .   (helmet restricted)
rElec   .          Harm     .   (no cloak)
rCorr   .          Rampage  .   (no gloves)
Will    .....                   (no boots)
Stlth   ++........              (no amulet)
HPRegen 0.15/turn               (no ring)
MPRegen 0.09/turn               (no ring)

@: no status effects
A: AC +5, unfitting armour, cold-blooded
a: Renounce Religion, Berserk


You were on level 4 of the Dungeon.
You worshipped Trog.
Trog was aware of your devotion.
You visited 1 branch of the dungeon, and saw 4 of its levels.

You collected 92 gold pieces.

Inventory:

Hand Weapons
 a - a +0 falchion (weapon)
 d - a +0 hunting sling
Jewellery
 k - a ring of fire
 m - a +6 ring of intelligence
Scrolls
 b - a scroll of fog {unknown}
 h - 2 scrolls of vulnerability {unknown}
 i - 2 scrolls of identify {unknown}
Potions
 c - a potion of flight {unknown}
 e - 3 potions of curing {unknown}
 f - a potion of berserk rage {unknown}
 g - 2 potions of cancellation {unknown}
 j - a potion of might {unknown}
 l - 3 potions of mutation {unknown}


   Skills:
 + Level 4.0 Fighting
 * Level 4.3 Long Blades
 * Level 2.0 Slings
 + Level 3.3 Dodging
 + Level 1.8 Stealth


You had 4 spell levels left.
You didn't know any spells.
Your spell library was empty.

Dungeon Overview and Level Annotations

Branches:
Dungeon (4/15)             Temple (0/1) D:4

Altars:
Nemelex Xobeh
Wu Jian


Innate Abilities, Weirdness & Mutations

Your plain brown scales are hard. (AC +5)
You cannot fit into any form of body armour.
You are cold-blooded and may be slowed by cold attacks.


Message History

You barely miss the scorpion.
The scorpion is almost dead.
The scorpion stings you.
You completely miss the scorpion.
Your tail-slap misses the scorpion.
The scorpion is almost dead.
The scorpion stings you. x2
You hit the scorpion.
You kill the scorpion!
Trog accepts your kill.
Your Fighting skill increases to level 4!
Your Slings skill increases to level 2!
An iguana is nearby!
An iguana is nearby!
An iguana is nearby!
You see here a +0 leather armour.
The iguana hisses angrily.
The iguana closely misses you.
You hit the iguana but do no damage.
You tail-slap the iguana, but do no damage.
The iguana bites you! The iguana completely misses you.
You barely miss the iguana. The iguana barely misses you.
You hit the iguana but do no damage.
You tail-slap the iguana, but do no damage.
The iguana bites you.
You barely miss the iguana. The iguana barely misses you.
You hit the iguana but do no damage. The iguana barely misses you.
You closely miss the iguana. The iguana bites you.
You barely miss the iguana. The iguana closely misses you.
You hit the iguana.
The iguana is lightly wounded.
The iguana bites you!
* * * LOW HITPOINT WARNING * * *
You hit the iguana but do no damage.
The iguana is lightly wounded.
The iguana bites you!
* * * LOW HITPOINT WARNING * * *
You hit the iguana but do no damage.
The iguana is lightly wounded.
The iguana bites you.
You die...

#####.#...# #.#
...<#.#.#.###.####
....#.....#....:.#
.#.†#.#####.#.##.#
.#..#.# #.#..#.#
......# . ##.#.#
####### .. .#[# ..
.#.# #.# ##@#
.......l#
######### #######
#.....# #.###.#


You could see an iguana.

Vanquished Creatures
  2 scorpions (D:4)
  A hound (D:4)
  2 adders (D:2)
  A worm (D:2)
  An orc (D:3)
  8 endoplasms
  2 giant cockroaches
  3 goblins
  A hobgoblin (D:4)
  3 quokkas (D:1)
  2 ball pythons
  3 bats (D:1)
  A frilled lizard (D:1)
  2 kobolds
  3 rats (D:1)
35 creatures vanquished.

Notes
Turn   | Place    | Note
-------+----------+-------------------------------------------
     0 | D:1      | KennySheep the Draconian Berserker began the quest for the
                  | Orb.
     0 | D:1      | Reached XP level 1. HP: 19/19 MP: 1/1
   320 | D:1      | Reached XP level 2. HP: 12/26 MP: 2/2
   870 | D:2      | Found an ornate altar of the Wu Jian Council.
   877 | D:2      | Reached skill level 1 in Stealth
   877 | D:2      | Reached XP level 3. HP: 29/31 MP: 3/3
  1393 | D:2      | You fall into a shaft and drop 1 floor!
  1434 | D:3      | Found a sparkling altar of Nemelex Xobeh.
  1768 | D:4      | Noticed a scorpion
  1775 | D:4      | Killed a scorpion
  1776 | D:4      | Reached skill level 1 in Slings
  1776 | D:4      | Reached XP level 4. HP: 40/40 MP: 4/4
  1854 | D:4      | Found a staircase to the Ecumenical Temple.
  2054 | D:4      | Reached XP level 5. HP: 46/46 MP: 5/5
  2311 | D:4      | HP: 2/46 [iguana (7)]
  2312 | D:4      | Slain by an iguana

Illustrated notes

Levels and vault maps discovered:
D:1:      dpeg_arrival_tiny_a, layout_loops_ring,
          corexii_item_surrounded_by_moat
D:2:      layout_basic, basic_altar
D:3:      layout_loops_ring, nemelex_xobeh_ov_fountains_minmay,
          shapermc_ecumenical_altar_notcrosses, minivault_11,
          grunt_ministairs_4, uniq_terence, uniq_robin, uniq_sigmund
D:4:      layout_basic, temple_green

Skill      XL: |  1  2  3  4  5 |
---------------+----------------+-----
Stealth        | 1 |  1.8
Dodging        | 3 |  3.3
Slings         | 1 2 |  2.0
Long Blades    | 4 |  4.3
Fighting       | 4 |  4.0

Action                   |  1- 3 |  4- 6 || total
-------------------------+-------+-------++-------
Melee: Falchion          |    87 |    42 ||   129
       Tailslap          |     7 |     4 ||    11
       Punch             |     1 |       ||     1
Invok: Berserk           |     1 |       ||     1
 Stab: Sleeping          |     2 |     3 ||     5
Armor: Skin              |    24 |     8 ||    32
Dodge: Dodged            |    54 |    23 ||    77

Table legend: (Time is in decaauts)
 A = Elapsed time spent in this place.
 B = Non-inter-level travel time spent in this place.
 C = Inter-level travel time spent in this place.
 D = Time resting spent in this place.
 E = Time spent auto-exploring this place.
 F = Levels seen in this place.
 G = Mean time per level.
                   A        B        C        D        E       F      G
               +--------+--------+--------+--------+--------+-----+--------+
         Total |   2340 |   2313 |     27 |    154 |   1817 |   4 |  585.0 |
       Dungeon |   2340 |   2313 |     27 |    154 |   1817 |   4 |  585.0 |
               +--------+--------+--------+--------+--------+-----+--------+

Top non-repeatable levels by time:
     D:1: 878 daAuts
     D:4: 877 daAuts
     D:2: 526 daAuts
     D:3: 57 daAuts
